 Dungeon Crawl Stone Soup version 0.29.1-12-g30fa7ad0bf (webtiles) character file.

Game seed: 5754236401282718953

27128 mampy3000 the Bludgeoner (level 13, -11/119 HPs)
             Began as a Minotaur Berserker on Jan 18, 2023.
             Was a High Priest of Trog.
             Mangled by a reaper
             ... wielding a +0 scythe of freezing
              (30 damage)
             ... in an ice cave on Jan 19, 2023.
             The game lasted 00:49:24 (11552 turns).

mampy3000 the Bludgeoner (Minotaur Berserker)      Turns: 11552, Time: 00:49:25

Health: -11/119    AC: 20    Str: 23    XL:     13   Next: 2%
Magic:  12/12      EV: 13    Int:  4    God:    Trog [*****.]
Gold:   1211       SH: 14    Dex: 19    Spells: 12/12 levels left

rFire   + . .      SeeInvis .   e - +9 flail "Hell-Harrower" {speed, Drain rN+ Dex+5}
rCold   + . .      Faith    .   C - +1 kite shield
rNeg    + . .      Spirit   .   K - +0 plate armour
rPois   +          Reflect  .   (helmet restricted)
rElec   +          Harm     .   m - +0 cloak
rCorr   +          Rampage  .   s - +0 pair of gloves
Will    .....                   t - +0 pair of boots
Stlth   ..........              E - amulet of regeneration
HPRegen 1.09/turn               z - ring of poison resistance
MPRegen 0.13/turn               Y - +4 ring of evasion

@: resistant, on berserk cooldown, slowed, studying Armour, very slow
A: horns 2, retaliatory headbutt
a: Renounce Religion, Berserk, Trog's Hand, Brothers in Arms


You were in an ice cave.
You worshipped Trog.
Trog was extremely pleased with you.
You visited 1 branch of the dungeon, and saw 13 of its levels.
You also visited: Ice Cave.

You collected 1211 gold pieces.

Inventory:

Hand Weapons
 a - a +0 mace
 e - the +9 flail "Hell-Harrower" (weapon) {speed, Drain rN+ Dex+5}
   (You took it off an orc on level 5 of the Dungeon)

   Attacks with this weapon are significantly faster.
   Dex:       It affects your dexterity (+5).
   rN:        It protects you from negative energy.
   Drain:     It drains your maximum health when unequipped.
 B - a +7 flail
Missiles
 i - 5 javelins (quivered)
Armour
 b - a +0 plate armour of cold resistance
 j - an orb of light
 m - a +0 cloak (worn)
 s - a +0 pair of gloves (worn)
 t - a +0 pair of boots (worn)
 y - a +0 chain mail
 C - a +1 kite shield (worn)
 K - a +0 plate armour (worn)
Jewellery
 o - a ring of resist corrosion
 q - an amulet of magic regeneration
 z - a ring of poison resistance (left hand)
 A - an amulet of reflection
 E - an amulet of regeneration (around neck)
 H - a ring of ice
 P - a +4 ring of protection
 Q - a ring of see invisible
 R - a ring of magical power
 Y - a +4 ring of evasion (right hand)
Wands
 l - a wand of digging (13)
 F - a wand of flame (37)
 O - a wand of mindburst (11)
 X - a wand of roots (10)
Scrolls
 k - 7 scrolls of identify
 x - 2 scrolls of fear
 D - a scroll of poison
 I - a scroll of enchant armour
 M - a scroll of enchant weapon
 U - 3 scrolls of fog
 W - a scroll of magic mapping
Potions
 c - a potion of degeneration {unknown}
 d - 4 potions of might {unknown}
 f - 2 potions of curing
 g - 3 potions of attraction
 h - 5 potions of resistance
 n - 2 potions of mutation {unknown}
 p - 2 potions of invisibility {unknown}
 r - 4 potions of flight
 u - 7 potions of haste
 v - a potion of berserk rage
 L - 2 potions of brilliance {unknown}
 N - 3 potions of heal wounds {unknown}
 S - 2 potions of magic {unknown}
 T - a potion of lignification {unknown}
 V - a potion of cancellation {unknown}
Miscellaneous
 w - a condenser vane


   Skills:
 + Level 12.6 Fighting
 + Level 15.5 Maces & Flails
 + Level 12.6 Armour
 + Level 5.1 Dodging
 + Level 1.5 Stealth
 + Level 12.1 Shields


You had 12 spell levels left.
You didn't know any spells.
Your spell library was empty.

Dungeon Overview and Level Annotations

Branches:
Dungeon (13/15)            Temple (0/1) D:6            Lair (0/5) D:10
    Orc (0/2) D:9           IceCv (1/1)
 Vaults: D:13-14

Altars:
Ashenzari
Dithmenos
Fedhas
Hepliaklqana
Trog

Shops:
D:8 *   D:10 :


Innate Abilities, Weirdness & Mutations

You have a pair of horns on your head.
You reflexively headbutt those who attack you in melee.


Message History

You are exhausted.
You feel yourself slow down.
The reaper hits you with a +0 scythe of freezing.
The reaper freezes you.
You thump the reaper! Your headbutt misses the reaper.
The reaper is lightly wounded.
You hit the reaper.
The reaper is lightly wounded.
The reaper hits you with a +0 scythe of freezing.
The reaper freezes you.
A naga simulacrum comes into view.
You hit the reaper but do no damage.
The reaper is lightly wounded.
You feel the effects of Trog's Hand fading.
You block the reaper's attack.
The elephant simulacrum closely misses you.
The elephant simulacrum trunk-slaps you but does no damage.
You sock the reaper!
You headbutt the reaper, but do no damage.
The reaper is moderately wounded.
The reaper hits you with a +0 scythe of freezing.
The reaper freezes you.
The elephant simulacrum closely misses you.
You block the elephant simulacrum's attack.
You're still recovering from your berserk rage.
You fail to use your ability.
The reaper hits you with a +0 scythe of freezing.
The reaper freezes you.
A harpy simulacrum comes into view.
You block the elephant simulacrum's attack. x2
It was a potion of curing.
You feel better. You block the reaper's attack.
You block the elephant simulacrum's attack.
The elephant simulacrum misses you.
The reaper hits you with a +0 scythe of freezing!!
* * * LOW HITPOINT WARNING * * *
The reaper freezes you.
* * * LOW HITPOINT WARNING * * *
You feel protected.
Your skin stops crawling.
You feel less strong-willed.
The reaper hits you with a +0 scythe of freezing!!
You die...

.. #.
#. .
## #
.#.#.#
##Z..
#ZZ#
#Z2#
#.@##
#.).#
#####


You could see a reaper, a wolf simulacrum, an elephant simulacrum, a harpy
simulacrum and a naga simulacrum.

Vanquished Creatures
  3 hydras
  A catoblepas (D:11)
  2 two-headed ogres
  A death knight (D:10)
  2 centaur warriors (D:13)
  8 death yaks (D:10)
  Lodul (D:13)
  An ugly thing (D:13)
  A deep elf pyromancer (D:12)
  3 cyclopes
  2 manticores
  An efreet (D:10)
  2 ice devils (D:13)
  An unseen horror (D:12)
  2 kobold demonologists
  7 trolls
  A shadow (D:11)
  10 yaks
  2 wyverns (D:9)
  A wraith (D:10)
  Eustachio (D:6)
  A fire bat (shapeshifter) (D:10)
  A hog (shapeshifter) (D:13)
  2 steam dragons
  5 vampire mosquitoes (D:12)
  2 harpy simulacra (IceCv)
  An acid dragon (D:10)
  2 water moccasins
  11 orc warriors
  2 ice beasts
  A black bear (D:7)
  10 ogres
  8 centaurs
  3 phantoms
  5 kobold brigands
  Blork the orc (D:4)
  5 bullfrogs
  5 scorpions
  2 two-headed ogre simulacra (IceCv)
  A gnoll sergeant (D:7)
  A cane toad simulacrum (IceCv)
  4 necrophages (D:6)
  4 wights (D:8)
  An elephant simulacrum (IceCv)
  16 killer bees
  3 howler monkeys (D:12)
  7 crimson imps (D:11)
  2 gnoll boudas
  2 hounds
  A jelly (D:8)
  Crazy Yiuf (D:2)
  5 orc priests
  5 iguanas
  8 orc wizards
  7 spriggan simulacra (IceCv)
  2 troll simulacra (IceCv)
  3 polar bear simulacra (IceCv)
  23 gnolls
  6 adders
  A naga simulacrum (IceCv)
  A shadow imp (D:6)
  5 white imps
  13 ufetubi
  2 worms (D:3)
  2 dart slugs
  37 orcs
  10 ball pythons
  3 endoplasms
  10 giant cockroaches
  4 goblins
  4 hobgoblins
  2 jackals (D:5)
  16 kobolds
  7 quokkas
  2 bats
  9 frilled lizards
  5 rats
  A bush (D:12)
356 creatures vanquished.

Notes
Turn   | Place    | Note
-------+----------+-------------------------------------------
     0 | D:1      | mampy3000 the Minotaur Berserker began the quest for the
                  | Orb.
     0 | D:1      | Reached XP level 1. HP: 19/19 MP: 0/0
   123 | D:1      | Reached XP level 2. HP: 27/27 MP: 1/1
   153 | D:1      | Reached skill level 4 in Maces & Flails
   540 | D:1      | Reached ** piety under Trog
   813 | D:2      | Reached XP level 3. HP: 33/33 MP: 2/2
   969 | D:2      | Found a runed translucent door.
   970 | D:2      | Noticed Crazy Yiuf
   977 | D:2      | Killed Crazy Yiuf
   978 | D:2      | Reached XP level 4. HP: 39/41 MP: 3/3
  1706 | D:3      | Reached skill level 5 in Maces & Flails
  1988 | D:3      | Found a faded altar of an unknown god.
  2196 | D:3      | Found a broken altar of Ashenzari.
  2200 | D:3      | Saw a vision of the Shoals and the Snake Pit.
  2200 | D:3      | Noticed a water elemental
  2200 | D:3      | Noticed a merfolk siren
  2200 | D:3      | Noticed a manticore
  2200 | D:3      | Noticed a merfolk siren
  2200 | D:3      | Noticed a water elemental
  2200 | D:3      | Noticed a naga sharpshooter
  2200 | D:3      | Noticed a sea snake
  2200 | D:3      | Noticed a black mamba
  2200 | D:3      | Noticed a manticore
  2200 | D:3      | Noticed a sea snake
  2200 | D:3      | Noticed a sea snake
  2200 | D:3      | Noticed a naga
  2201 | D:3      | Noticed a snapping turtle
  2201 | D:3      | Noticed a harpy
  2201 | D:3      | Noticed a merfolk avatar
  2494 | D:4      | Noticed Blork the orc
  2506 | D:4      | Killed Blork the orc
  2507 | D:4      | Reached XP level 5. HP: 40/47 MP: 4/4
  3005 | D:4      | Reached skill level 6 in Maces & Flails
  3005 | D:4      | Reached XP level 6. HP: 35/55 MP: 5/5
  3334 | D:4      | Reached skill level 5 in Fighting
  3334 | D:4      | Reached skill level 5 in Armour
  3602 | D:4      | Found a hazy altar of Hepliaklqana.
  3603 | D:4      | Noticed an orc warrior
  3604 | D:4      | Found a faded altar of an unknown god.
  3609 | D:4      | Killed an orc warrior
  3610 | D:4      | Reached XP level 7. HP: 53/61 MP: 6/6
  3787 | D:5      | Entered Level 5 of the Dungeon
  3867 | D:5      | Reached skill level 7 in Maces & Flails
  4079 | D:5      | Identified the +9 flail "Hell-Harrower" {speed, Drain rN+
                  | Dex+5}
  4502 | D:6      | Reached skill level 1 in Shields
  4502 | D:6      | Reached XP level 8. HP: 69/69 MP: 7/7
  4509 | D:6      | Reached *** piety under Trog
  4565 | D:6      | Reached skill level 1 in Stealth
  4693 | D:6      | Reached skill level 8 in Maces & Flails
  4743 | D:6      | Found a bloodstained altar of Trog.
  4915 | D:6      | Reached skill level 9 in Maces & Flails
  4949 | D:6      | Found a staircase to the Ecumenical Temple.
  5140 | D:6      | Reached XP level 9. HP: 73/75 MP: 8/8
  5199 | D:6      | Found a shadowy altar of Dithmenos.
  5300 | D:6      | Noticed Eustachio
  5314 | D:6      | Killed Eustachio
  5315 | D:6      | Reached skill level 10 in Maces & Flails
  5734 | D:7      | Found a blossoming altar of Fedhas.
  5858 | D:7      | Noticed a kobold demonologist
  5865 | D:7      | Killed a kobold demonologist
  5866 | D:7      | Reached skill level 11 in Maces & Flails
  5897 | D:7      | Found a runed translucent door.
  5915 | D:7      | Found a runed translucent door.
  5930 | D:7      | Reached **** piety under Trog
  5936 | D:7      | Reached skill level 5 in Shields
  6453 | D:8      | Identified the +1 robe of Bespelled Joy {Str+3 Dex+5
                  | Archmagi}
  6460 | D:8      | Noticed a two-headed ogre
  6466 | D:8      | Killed a two-headed ogre
  6467 | D:8      | Reached skill level 12 in Maces & Flails
  6467 | D:8      | Reached XP level 10. HP: 88/88 MP: 9/9
  6512 | D:8      | Found Gothagon's Gadget Gallery.
  7444 | D:9      | Reached skill level 13 in Maces & Flails
  7551 | D:9      | Found a staircase to the Orcish Mines.
  7735 | D:10     | Entered Level 10 of the Dungeon
  7751 | D:10     | Noticed a death yak
  7751 | D:10     | Noticed a death yak
  7766 | D:10     | Killed a death yak
  7767 | D:10     | Reached XP level 11. HP: 97/97 MP: 10/10
  7776 | D:10     | Killed a death yak
  7777 | D:10     | Noticed a death yak
  7779 | D:10     | Noticed a death yak
  7781 | D:10     | Noticed a death yak
  7781 | D:10     | Noticed a death yak
  7784 | D:10     | Noticed a death yak
  7784 | D:10     | Noticed a death yak
  7802 | D:10     | Killed a death yak
  7803 | D:10     | Reached skill level 10 in Armour
  7898 | D:10     | Killed a death yak
  7972 | D:10     | Killed a death yak
  7973 | D:10     | Reached skill level 10 in Fighting
  7978 | D:10     | Killed a death yak
  7985 | D:10     | Killed a death yak
  7986 | D:10     | Reached skill level 14 in Maces & Flails
  8003 | D:10     | Killed a death yak
  8072 | D:10     | Found a staircase to the Lair.
  8187 | D:10     | Found Jivarho's Tremendous Tomes.
  8385 | D:10     | Noticed a death knight
  8407 | D:10     | Killed a death knight
  8528 | D:10     | Reached ***** piety under Trog
  8613 | D:10     | Reached XP level 12. HP: 108/110 MP: 11/11
  8657 | D:10     | Identified the +5 quarterstaff "Undertaker" {vorpal, rC+
                  | Str+3 Int+3 Dex-4}
  8660 | D:10     | Noticed a two-headed ogre
  8668 | D:10     | Killed a two-headed ogre
  8842 | D:11     | Noticed a catoblepas
  8850 | D:11     | Killed a catoblepas
  8851 | D:11     | Reached skill level 5 in Dodging
  8851 | D:11     | Reached skill level 10 in Shields
  9783 | D:12     | Noticed an eight-headed hydra
  9792 | D:12     | Killed an eight-headed hydra
  9939 | D:12     | Reached skill level 15 in Maces & Flails
 10446 | D:13     | Noticed a centaur warrior
 10456 | D:13     | Killed a centaur warrior
 10466 | D:13     | Noticed a six-headed hydra
 10477 | D:13     | Noticed Lodul
 10478 | D:13     | Noticed a seven-headed hydra
 10552 | D:13     | Killed a six-headed hydra
 10607 | D:13     | Noticed a centaur warrior
 10616 | D:13     | Killed a centaur warrior
 10746 | D:13     | Killed Lodul
 10776 | D:13     | Identified a scroll of acquirement
 10776 | D:13     | Acquired a manual of Armour
 10814 | D:13     | Killed a seven-headed hydra
 11014 | D:13     | Found a frozen archway.
 11024 | IceCv    | Entered an ice cave
 11216 | IceCv    | Reached XP level 13. HP: 119/119 MP: 12/12
 11540 | IceCv    | Noticed a reaper
 11552 | IceCv    | Mangled by a reaper

Illustrated notes

Levels and vault maps discovered:
D:1:      dpeg_arrival_solitude, layout_loops_cross
D:2:      layout_loops_ring, uniq_crazy_yiuf_cottage
D:3:      layout_basic, grunt_ashenzari_visionary
          [grunt_ashenzari_visionary_shoals, grunt_ashenzari_visionary_snake],
          hellmonk_ecumenical_altar_arch_garden
D:4:      layout_loops_ring, beargit_hepliaklqana_dungeon_heroes,
          uniq_blork_the_orc
D:5:      nicolae_cairo_tiling_large_dashed, layout_rooms
D:6:      layout_loops_corners, grunt_dithmenos_smoke_and_mirrors,
          trog_three_pillars_becter, minmay_temple_entry_statues, fountainhead,
          minivault_1, uniq_eustachio
D:7:      lemuel_insect_pit, layout_basic, fedhas_bush_and_centaur_altar
D:8:      layout_rooms, nicolae_shop_gadgets
D:9:      layout_loops_cross, orc_0_dummy, nicolae_eternal_life
D:10:     minmay_chambers_of_sevens, layout_basic, dpeg_lair_monsters,
          nicolae_shop_i_like_big_books
D:11:     layout_rooms, serial_corexii_hall, corexii_hall_statues_t,
          chequers_hall_statues_corner_a, corexii_hall_statues_l,
          chequers_hall_statues_wall_a, minmay_nine_imps
D:12:     layout_roguey, kennysheep_pointless_box, dreamdust_wishing_well,
          kb_lookout_dungeons_type
D:13:     layout_long_grid, portal_ice_cave_demonic_guard, uniq_lodul
IceCv:    ice_cave_caverns_01

Skill      XL: |  1  2  3  4  5  6  7  8  9 10 11 12 |
---------------+-------------------------------------+-----
Maces & Flails | 4 5 6 7 9 12 13 14 15 | 15.5
Fighting       | 4 5 6 8 9 11 12 | 12.6
Armour         | 3 4 5 6 8 9 11 12 | 12.6
Dodging        | 3 4 5 |  5.1
Shields        | 1 2 5 7 9 12 | 12.1
Stealth        | 1 |  1.5

Action                   |  1- 3 |  4- 6 |  7- 9 | 10-12 | 13-15 || total
-------------------------+-------+-------+-------+-------+-------++-------
Melee: Mace              |    59 |   115 |       |       |       ||   174
       Headbutt          |     8 |    25 |    45 |   119 |    10 ||   207
       Punch             |     1 |       |       |       |       ||     1
       Flail             |       |       |   236 |   500 |    52 ||   788
Invok: Berserk           |     1 |     5 |    10 |    24 |     2 ||    42
       Trog's Hand       |       |       |     1 |       |     1 ||     2
  Use: Scroll            |       |     3 |     7 |    15 |     2 ||    27
       Potion            |       |       |       |       |     2 ||     2
Armor: Ring mail         |    17 |    34 |       |       |       ||    51
       Chain mail        |       |    24 |   106 |       |       ||   130
       Plate armour      |       |       |    16 |   187 |    17 ||   220
Dodge: Dodged            |    24 |    57 |    97 |   134 |    18 ||   330
Block: Kite shield       |       |       |    88 |   258 |    36 ||   382
